General information
- name: BNet
- type: Ladder team game (AT/RT)
- host: Battle.net
- saver: 157572571515915
map: MarketSquare
- players: 8
- length: 18:41
- speed: Fast
- version: 1.27 W3XP
- replay type: Public
» download(165 KB)
Players
team 1 (loser)
Jericho (
orange | 92 APM | 1659 actions | 18:05)
4 Archmage
2 Summon Water Elemental
2 Brilliance Aura
1 Mountain King
1 Storm Bolt
1 Keeper of the Grove
1 Thorns Aura
» actions
| Assign group hotkey | 10 | |
| Build / train | 99 | |
| Enter build submenu | 41 | |
| Enter hero's abilities submenu | 6 | |
| Give item / drop item | 1 | |
| Remove unit from queue | 1 | |
| Right click | 803 | |
| Select / deselect | 444 | |
| Select group hotkey | 126 | |
| Use ability | 128 | |
1659 total
» units
| Peasant | 22 | |
| Footman | 22 | |
| Spell Breaker | 5 | |
| Hippogryph | 3 | |
| Sorceress | 4 | |
| Knight | 3 | |
| Druid of the Talon | 1 | |
| Huntress | 1 | |
| Chimaera | 1 | |
62 total
» upgrades
| Sorceress Training | 2 | |
| Swords | 1 | |
| Plating | 1 | |
| Animal War Training | 1 | |
| Corrosive Breath | 1 | |
| Strength of the Wild | 1 | |
| Reinforced Hides | 1 | |
8 total
» buildings
| Altar of Kings | 1 | |
| Barracks | 2 | |
| Farm | 13 | |
| Arcane Vault | 1 | |
| Town Hall | 1 | |
| Lumber Mill | 1 | |
| Keep | 2 | |
| Castle | 2 | |
| Arcane Sanctum | 4 | |
| Tree of Eternity | 3 | |
| Moon Well | 3 | |
| Ancient of Wonders | 1 | |
| Blacksmith | 1 | |
| Chimaera Roost | 2 | |
| Tree of Life | 1 | |
38 total
» build order
00:11 Altar of Kings
00:15 Barracks
00:20 Farm
00:59 Farm
01:35 Farm
02:22 Farm
02:57 Arcane Vault
03:35 Farm
04:20 Town Hall
04:34 Lumber Mill
05:38 Keep
06:45 Farm
08:07 Farm
08:33 Castle
08:33 Castle
08:42 Arcane Sanctum
08:44 Arcane Sanctum
08:47 Arcane Sanctum
08:57 Arcane Sanctum
09:17 Farm
09:20 Farm
10:57 Barracks
10:58 Farm
11:00 Farm
11:01 Farm
11:38 Tree of Eternity
11:39 Tree of Eternity
11:52 Moon Well
11:56 Ancient of Wonders
12:17 Blacksmith
14:00 Chimaera Roost
14:05 Chimaera Roost
14:08 Moon Well
14:19 Farm
17:17 Tree of Life
17:25 Moon Well
» items
| Scroll of Regeneration | 1 | |
| Lesser Clarity Potion | 2 | |
| Potion of Healing | 1 | |
| Scroll of Town Portal | 2 | |
6 total

»
uchadri (
red | 58 APM | 1058 actions | 18:10)
3 Mountain King
2 Storm Bolt
1 Bash
2 Paladin
1 Holy Light
1 Devotion Aura
» actions
| Assign group hotkey | 13 | |
| Build / train | 50 | |
| Enter build submenu | 25 | |
| Enter hero's abilities submenu | 5 | |
| Right click | 438 | |
| Select / deselect | 273 | |
| Select group hotkey | 209 | |
| Use ability | 45 | |
1058 total
» units
| Peasant | 13 | |
| Footman | 3 | |
| Gryphon Rider | 6 | |
| Dragonhawk Rider | 6 | |
28 total
» upgrades
| Masonry | 2 | |
| Swords | 3 | |
| Lumber Harvesting | 1 | |
| Storm Hammers | 1 | |
| Cloud | 1 | |
| Animal War Training | 1 | |
9 total
» buildings
| Barracks | 1 | |
| Farm | 11 | |
| Altar of Kings | 1 | |
| Lumber Mill | 1 | |
| Scout Tower | 3 | |
| Arcane Tower | 1 | |
| Guard Tower | 2 | |
| Arcane Vault | 1 | |
| Keep | 1 | |
| Blacksmith | 1 | |
| Castle | 1 | |
| Gryphon Aviary | 2 | |
| Town Hall | 1 | |
27 total
» build order
00:12 Barracks
00:24 Farm
00:31 Altar of Kings
01:03 Farm
01:20 Lumber Mill
01:39 Scout Tower
01:53 Scout Tower
02:20 Arcane Tower
02:26 Scout Tower
02:42 Guard Tower
02:55 Farm
03:25 Arcane Vault
03:42 Guard Tower
03:49 Keep
03:54 Blacksmith
04:03 Farm
04:04 Farm
05:26 Farm
06:18 Castle
06:25 Gryphon Aviary
06:28 Gryphon Aviary
06:36 Farm
07:20 Farm
07:21 Farm
08:57 Farm
09:38 Farm
13:43 Town Hall
» items

»
Nathan (
green | 40 APM | 409 actions | 10:17)
3 Demon Hunter
1 Immolation
1 Mana Burn
1 Evasion
» actions
| Build / train | 35 | |
| Enter build submenu | 16 | |
| Enter hero's abilities submenu | 3 | |
| Give item / drop item | 2 | |
| Right click | 236 | |
| Select / deselect | 85 | |
| Use ability | 32 | |
409 total
» units
» buildings
| Altar of Elders | 1 | |
| Moon Well | 6 | |
| Hunter's Hall | 1 | |
| Ancient of War | 1 | |
| Ancient of Wonders | 2 | |
| Ancient Protector | 2 | |
| Tree of Ages | 1 | |
| Ancient of Wind | 2 | |
16 total
» build order
00:19 Altar of Elders
00:28 Moon Well
01:28 Moon Well
01:55 Hunter's Hall
02:14 Ancient of War
02:25 Ancient of Wonders
02:35 Moon Well
03:03 Ancient Protector
03:17 Ancient Protector
03:34 Moon Well
04:42 Moon Well
05:21 Tree of Ages
06:06 Ancient of Wonders
07:00 Moon Well
08:06 Ancient of Wind
08:14 Ancient of Wind
» items
| Scroll of Regeneration | 1 | |
| Dust of Appearance | 1 | |
| Potion of Healing | 2 | |
4 total
Silvertor (
yellow | 112 APM | 2069 actions | 18:26)
5 Blademaster
3 Wind Walk
2 Critical Strike
4 Tauren Chieftain
2 Endurance Aura
2 Shockwave
» actions
| Assign group hotkey | 23 | |
| Basic commands | 2 | |
| Build / train | 68 | |
| ESC pressed | 4 | |
| Enter build submenu | 23 | |
| Enter hero's abilities submenu | 9 | |
| Give item / drop item | 3 | |
| Right click | 1005 | |
| Select / deselect | 324 | |
| Select group hotkey | 563 | |
| Use ability | 45 | |
2069 total
» units
| Peon | 15 | |
| Troll Headhunter/Berserker | 10 | |
| Wind Rider | 13 | |
38 total
» upgrades
| Ranged Weapons | 2 | |
| Troll Regeneration | 1 | |
| Envenomed Spears | 1 | |
| Reinforced Defenses | 1 | |
| Armor | 1 | |
6 total
» buildings
| Altar of Storms | 1 | |
| Orc Burrow | 7 | |
| War Mill | 1 | |
| Barracks | 1 | |
| Voodoo Lounge | 1 | |
| Stronghold | 1 | |
| Beastiary | 2 | |
| Fortress | 1 | |
| Great Hall | 1 | |
| Watch Tower | 7 | |
23 total
» build order
00:12 Altar of Storms
00:15 Orc Burrow
00:54 War Mill
01:14 Barracks
01:44 Voodoo Lounge
02:06 Orc Burrow
02:52 Stronghold
04:13 Orc Burrow
05:28 Beastiary
06:26 Beastiary
06:35 Orc Burrow
07:26 Fortress
09:29 Great Hall
13:19 Watch Tower
13:23 Orc Burrow
13:27 Watch Tower
13:30 Watch Tower
13:33 Orc Burrow
13:58 Orc Burrow
14:20 Watch Tower
14:24 Watch Tower
15:15 Watch Tower
16:32 Watch Tower
» items
| Healing Salve | 3 | |
| Orb of Lightning | 2 | |
| Potion of Lesser Invulnerability | 1 | |
| Boots of Speed | 1 | |
| Scroll of Speed | 1 | |
| Scroll of Town Portal | 1 | |
9 total
team 2 (winner)

»
ranzigbeverke (
blue | 72 APM | 1336 actions | 18:27)
7 Priestess of the Moon
3 Scout
3 Trueshot Aura
1 Starfall
» actions
| Assign group hotkey | 24 | |
| Build / train | 67 | |
| Enter build submenu | 18 | |
| Enter hero's abilities submenu | 7 | |
| Give item / drop item | 1 | |
| Remove unit from queue | 2 | |
| Right click | 742 | |
| Select / deselect | 253 | |
| Select group hotkey | 173 | |
| Use ability | 49 | |
1336 total
» units
| Wisp | 16 | |
| Huntress | 7 | |
| Mountain Giant | 2 | |
| Forest Troll High Priest | 1 | |
| Archer | 9 | |
| Hippogryph | 9 | |
44 total
» upgrades
| Improved Bows | 1 | |
| Strength of the Moon | 2 | |
| Moon Armor | 1 | |
| Hippogryph Taming | 1 | |
5 total
» buildings
| Altar of Elders | 1 | |
| Moon Well | 6 | |
| Hunter's Hall | 1 | |
| Ancient of War | 1 | |
| Ancient Protector | 2 | |
| Tree of Ages | 1 | |
| Ancient of Wonders | 1 | |
| Ancient of Lore | 1 | |
| Ancient of Wind | 2 | |
| Tree of Life | 1 | |
| Tree of Eternity | 1 | |
18 total
» build order
00:13 Altar of Elders
00:17 Moon Well
01:06 Hunter's Hall
01:34 Ancient of War
02:08 Ancient Protector
02:37 Moon Well
03:26 Tree of Ages
04:13 Ancient of Wonders
04:43 Moon Well
05:00 Ancient Protector
06:08 Ancient of Lore
06:14 Moon Well
10:21 Ancient of Wind
11:06 Ancient of Wind
12:35 Moon Well
12:35 Moon Well
14:47 Tree of Life
18:21 Tree of Eternity
» items
| Lesser Clarity Potion | 3 | |
| Moonstone | 1 | |
| Scroll of Town Portal | 2 | |
6 total

»
Jeggie (
teal | 117 APM | 2167 actions | 18:27)
5 Mountain King
3 Storm Bolt
2 Bash
» actions
| Assign group hotkey | 80 | |
| Basic commands | 6 | |
| Build / train | 65 | |
| ESC pressed | 1 | |
| Enter build submenu | 39 | |
| Enter hero's abilities submenu | 5 | |
| Right click | 1046 | |
| Select / deselect | 382 | |
| Select group hotkey | 468 | |
| Use ability | 75 | |
2167 total
» units
» upgrades
| Gunpowder | 3 | |
| Armor | 2 | |
| Masonry | 2 | |
| Long Rifles | 1 | |
8 total
» buildings
| Blacksmith | 1 | |
| Altar of Kings | 1 | |
| Farm | 18 | |
| Barracks | 2 | |
| Town Hall | 1 | |
| Arcane Vault | 1 | |
| Scout Tower | 8 | |
| Arcane Tower | 2 | |
| Keep | 2 | |
| Lumber Mill | 1 | |
| Guard Tower | 3 | |
| Castle | 2 | |
| Workshop | 1 | |
43 total
» build order
00:34 Blacksmith
00:36 Altar of Kings
01:05 Farm
01:36 Barracks
01:53 Farm
02:23 Farm
02:46 Barracks
04:12 Town Hall
04:46 Arcane Vault
05:18 Farm
05:53 Farm
06:33 Scout Tower
06:35 Scout Tower
07:05 Arcane Tower
08:09 Keep
08:10 Keep
08:42 Scout Tower
09:03 Scout Tower
09:05 Arcane Tower
09:09 Scout Tower
09:11 Lumber Mill
11:03 Farm
11:04 Farm
11:05 Farm
11:07 Scout Tower
12:03 Guard Tower
12:06 Guard Tower
12:06 Guard Tower
13:03 Farm
13:04 Farm
13:05 Farm
13:07 Farm
13:08 Farm
13:08 Farm
13:12 Farm
13:14 Farm
13:16 Farm
13:32 Castle
13:32 Castle
16:04 Workshop
17:14 Farm
17:15 Scout Tower
17:16 Scout Tower
» items
| Scroll of Regeneration | 2 | |
| Healing Salve | 2 | |
| Lesser Clarity Potion | 3 | |
7 total
157572571515915 (
pink | 99 APM | 1850 actions | 18:41)
7 Blademaster
3 Wind Walk
3 Critical Strike
1 Bladestorm
» actions
| Assign group hotkey | 98 | |
| Basic commands | 7 | |
| Build / train | 69 | |
| ESC pressed | 3 | |
| Enter build submenu | 32 | |
| Enter hero's abilities submenu | 7 | |
| Remove unit from queue | 1 | |
| Right click | 831 | |
| Select / deselect | 200 | |
| Select group hotkey | 478 | |
| Use ability | 124 | |
1850 total
» units
| Peon | 17 | |
| Grunt | 4 | |
| Troll Batrider | 14 | |
35 total
» upgrades
| Armor | 2 | |
| Berserker Strength | 1 | |
| Pillage | 1 | |
| Reinforced Defenses | 1 | |
| Ranged Weapons | 1 | |
| Liquid Fire | 1 | |
7 total
» buildings
| Orc Burrow | 4 | |
| Altar of Storms | 1 | |
| Barracks | 1 | |
| Voodoo Lounge | 1 | |
| Stronghold | 2 | |
| War Mill | 1 | |
| Great Hall | 2 | |
| Watch Tower | 15 | |
| Fortress | 3 | |
| Beastiary | 2 | |
32 total
» build order
00:12 Orc Burrow
00:56 Orc Burrow
01:06 Altar of Storms
01:23 Barracks
01:50 Orc Burrow
02:13 Voodoo Lounge
04:10 Stronghold
04:11 Stronghold
04:49 War Mill
05:32 Orc Burrow
05:40 Great Hall
06:45 Watch Tower
06:47 Watch Tower
07:36 Fortress
07:36 Fortress
08:35 Beastiary
08:36 Beastiary
08:41 Great Hall
08:44 Watch Tower
09:15 Watch Tower
09:15 Watch Tower
10:08 Watch Tower
11:04 Watch Tower
11:12 Watch Tower
12:58 Watch Tower
13:21 Watch Tower
13:38 Watch Tower
16:32 Watch Tower
16:34 Watch Tower
16:36 Watch Tower
16:38 Watch Tower
» items
| Healing Salve | 1 | |
| Lesser Clarity Potion | 2 | |
| Orb of Lightning | 1 | |
| Scroll of Town Portal | 1 | |
5 total

»
Alvin (
purple | 51 APM | 944 actions | 18:27)
4 Paladin
2 Holy Light
2 Divine Shield
» actions
| Assign group hotkey | 13 | |
| Build / train | 52 | |
| Enter build submenu | 29 | |
| Enter hero's abilities submenu | 4 | |
| Right click | 453 | |
| Select / deselect | 191 | |
| Select group hotkey | 159 | |
| Use ability | 43 | |
944 total
» units
| Peasant | 17 | |
| Footman | 2 | |
| Rifleman | 9 | |
| Gryphon Rider | 1 | |
29 total
» upgrades
| Gunpowder | 2 | |
| Long Rifles | 1 | |
| Armor | 1 | |
| Storm Hammers | 1 | |
5 total
» buildings
| Altar of Kings | 1 | |
| Barracks | 2 | |
| Farm | 10 | |
| Scout Tower | 8 | |
| Arcane Tower | 1 | |
| Blacksmith | 1 | |
| Keep | 1 | |
| Lumber Mill | 1 | |
| Guard Tower | 7 | |
| Castle | 1 | |
| Arcane Vault | 1 | |
| Gryphon Aviary | 2 | |
| Town Hall | 2 | |
38 total
» build order
00:09 Altar of Kings
00:13 Barracks
00:34 Farm
00:46 Scout Tower
01:48 Arcane Tower
02:21 Blacksmith
02:35 Farm
03:07 Barracks
03:14 Farm
03:53 Farm
04:42 Farm
04:48 Scout Tower
05:16 Keep
05:26 Lumber Mill
05:33 Farm
06:19 Farm
06:36 Guard Tower
08:05 Farm
09:09 Farm
10:37 Castle
10:43 Arcane Vault
11:12 Scout Tower
11:23 Gryphon Aviary
11:39 Farm
11:41 Guard Tower
13:07 Town Hall
13:23 Gryphon Aviary
14:04 Scout Tower
14:47 Scout Tower
14:49 Guard Tower
14:59 Scout Tower
15:17 Guard Tower
15:22 Scout Tower
16:30 Guard Tower
16:35 Scout Tower
16:44 Guard Tower
17:19 Guard Tower
18:10 Town Hall
» items
| Potion of Healing | 1 | |
| Potion of Mana | 1 | |
| Scroll of Town Portal | 1 | |
3 total
Chat log
(00:05 / Allies) ranzigbeverke: hi
(00:07 / Allies) 157572571515915: sup
(00:15 / Allies) Jeggie: hey
(00:20 / Allies) Jeggie: probably gonna do tanks
(00:46 / Allies) ranzigbeverke: huntz
(00:52 / Allies) ranzigbeverke: start
(08:41 / Allies) ranzigbeverke: gogo
(10:27 / Allies) Jeggie: wood pl
(10:28 / Allies) Jeggie: z
(10:40 / All) 157572571515915: lol
(10:46 / All) 157572571515915: lol
(10:53 / All) 157572571515915: orange is retarded noob
(12:26 / All) Jericho: STFU
(12:28 / All) Jericho: RATFACE
(12:30 / All) Jericho: NOOB
(12:31 / All) 157572571515915: YOu're a piece of shit orange
(12:37 / All) Jericho: buahahahahhahaa
(12:40 / All) 157572571515915: Total noob lol
(12:43 / All) 157572571515915: where are you from?
(12:56 / All) Jericho: ]are u retarded?
(13:15 / All) 157572571515915: noob lol
(13:46 / Allies) ranzigbeverke: g plz
(13:54 / Allies) ranzigbeverke: ty
(13:57 / Allies) Alvin: np
(15:24 / All) 157572571515915: lol
(15:28 / All) 157572571515915: good hero control red
(15:41 / All) 157572571515915: nice expo orange
(15:45 / All) uchadri: why you talk
(15:47 / All) uchadri: '
(15:53 / All) 157572571515915: I'm complimenting you on your play
(15:59 / All) Jeggie: 2nd amendment - freedom of speech
(16:08 / Allies) ranzigbeverke: b
(16:09 / Allies) ranzigbeverke: b
(16:10 / All) 157572571515915: yeah don't deny me my rights as an american
(16:16 / All) 157572571515915: you lefto pinky commie scum
(16:26 / All) 157572571515915: 7 hp lol
(16:35 / Allies) ranzigbeverke: gold plz
(16:37 / All) Jericho: pink
(16:37 / Allies) ranzigbeverke: pink 3 k
(16:39 / All) Jericho: i hope u knoiw
(16:43 / All) Jericho: that u just lost
(16:44 / All) Jericho: this game
(16:46 / All) 157572571515915: lol
(17:02 / Allies) 157572571515915: gonna bat them
(17:23 / All) 157572571515915: gonna lose that whole army
(18:04 / All) 157572571515915: you lose buddy
(18:07 / All) 157572571515915: LOL
(18:13 / All) Jeggie: rq
(18:25 / All) ranzigbeverke: get rekt mate